 Dungeon Crawl Stone Soup version 0.27-a0-590-g94244163b4 (webtiles) character file.

Game seed: 18025921088377087224

256 kae the Ruffian (level 6, -2/52 HPs)
             Began as a Naga Transmuter on Mar 10, 2021.
             Killed from afar by a goblin (12 damage)
             ... with an iceblast
             ... on level 3 of the Dungeon.
             The game lasted 00:03:04 (3153 turns).

kae the Ruffian (Naga Transmuter)                   Turns: 3153, Time: 00:03:04

Health: -2/52      AC:  2    Str: 14    XL:     6   Next: 16%
Magic:  7/10       EV: 19    Int: 13    God:
Gold:   97         SH:  0    Dex: 17    Spells: 6/10 levels left

rFire    . . .     SeeInvis +     - Unarmed
rCold    . . .     Faith    .   (shield currently unavailable)
rNeg     . . .     Spirit   .   (armour currently unavailable)
rPois    x         Reflect  .   (helmet currently unavailable)
rElec    .         Harm     .   (cloak currently unavailable)
rCorr    .         Rampage  .   (gloves currently unavailable)
Will     .....                  (no barding)
Stlth    ++........             (no amulet)
HPRegen  0.17/turn              (no ring)
MPRegen  0.12/turn              (no ring)

@: spider-form
A: tiny, see invisible, spit poison 1, AC +2
a: Spit Poison, End Transformation


You were on level 3 of the Dungeon.
You were a venomous arachnid creature.
You visited 1 branch of the dungeon, and saw 3 of its levels.

You collected 97 gold pieces.

Inventory:

Armour
 a - a +0 robe (melded)
Jewellery
 d - a +6 ring of dexterity
 e - an amulet of regeneration
Scrolls
 c - a scroll of blinking {unknown}
Potions
 b - 3 potions of mutation


   Skills:
 + Level 2.1 Fighting
 + Level 2.3 Dodging
 * Level 4.2 Unarmed Combat
 + Level 2.7 Spellcasting
 * Level 3.6 Transmutations
 * Level 2.0 Poison Magic


You had 6 spell levels left.
You knew the following spells:

 Your Spells              Type           Power      Damage    Failure   Level
a - Beastly Appendage     Tmut           22%        N/A       16%         1
b - Spider Form           Tmut/Pois      4%         N/A       43%         3

Your spell library contained the following spells:

 Spells                   Type           Power      Damage    Failure   Level
 Wereblood                Tmut           11%        N/A       22%         2
 Animate Skeleton         Necr           2%         N/A       45%         1
 Apportation              Tloc           2%         N/A       45%         1
 Corona                   Hex            1%         N/A       45%         1
 Summon Small Mammal      Summ           4%         N/A       45%         1
 Ice Form                 Ice/Tmut       6%         N/A       88%         4
 Blade Hands              Tmut           5%         N/A       94%         5


Dungeon Overview and Level Annotations

Branches:
Dungeon (3/15)

Altars:
Ashenzari
Okawaru
Wu Jian

Annotations:
D:3 Sigmund


Innate Abilities, Weirdness & Mutations

((Your serpentine skin is tough. (AC +2)))
You have supernaturally acute eyesight. (SInv)
((Armour fits poorly on your strangely shaped body.))
((Your system is resistant to poisons. (rPois)))
((You cover ground very slowly.))
You can spit poison.
((You have a snake-like lower body.))


Message History

Items here: ))) [[ ÷÷.
You see here a +0 club.
A goblin comes into view.
It is wielding a +0 trident and carrying a wand of iceblast (15).
The goblin moves out of view.
Things that are here:
a +0 dagger; a +0 whip; a +0 mace You see here a +0 dagger.
The goblin shouts!
A goblin is nearby!
A goblin is nearby!
A goblin is nearby!
A goblin is nearby!
A goblin is nearby!
Casting: Spider Form (dangerous; 22% risk of failure)
Confirm with . or Enter, or press ? or * to list all spells.
You grow a pair of large bovine horns.
The goblin zaps a wand.
The mass of ice explodes!
The iceblast engulfs you!
The goblin zaps a wand.
The mass of ice explodes!
The iceblast engulfs you!
You are too injured to fight recklessly!
You are too injured to fight recklessly!
You are too injured to fight recklessly!
You are too injured to fight recklessly!
You are too injured to fight recklessly!
You are too injured to fight recklessly!
You are too injured to fight recklessly!
You are too injured to fight recklessly!
The goblin drinks a potion.
The goblin seems to speed up.
The goblin zaps a wand.
The mass of ice explodes!
The iceblast engulfs you!
* * * LOW HITPOINT WARNING * * *
You see here a +0 dagger.
Okay, then.
Okay, then.
The goblin barely misses you. x2
Casting: Beastly Appendage (safe; 5% risk of failure)
Confirm with . or Enter, or press ? or * to list all spells.
Your horns disappear.
You turn into a venomous arachnid creature.
Your +0 robe melds into your body.
The goblin zaps a wand.
The mass of ice explodes!
The iceblast engulfs you!
You die...

## ##### #. ####### #...# #.
#######.....###.#.# #.
##..(........#.._..#############.
...............#.#.(...........†>
##......g....##.s...<##########.#
..#.#........##g####### ### #.#
###.######...##.......#####<# #.#
.(.......#)...)).........##.###.#
....(....#...##..........##.....#
≈....♣_..######.#####....##..##.#
≈≈....)..# #)# ###)###.)##.#
≈≈.......# #.#######..##..#...
≈........# #.......##.##..##.#


You could see a goblin (fast).

Vanquished Creatures
  A hound (D:3)
  2 orc priests (D:3)
  Jessica (D:2)
  Robin (D:2)
  4 adders
  2 worms
  3 dart slugs
  A leopard gecko (D:3)
  11 orcs (D:3)
  A ball python (D:2)
  6 giant cockroaches
  10 goblins
  15 hobgoblins
  4 jackals (D:3)
  4 bats
  A frilled lizard (D:1)
  A kobold (D:1)
  2 rats
70 creatures vanquished.

Notes
Turn   | Place    | Note
-------+----------+-------------------------------------------
     0 | D:1      | kae the Naga Transmuter began the quest for the Orb.
     0 | D:1      | Reached XP level 1. HP: 18/18 MP: 3/3
   278 | D:1      | Reached XP level 2. HP: 25/25 MP: 3/5
   383 | D:1      | HP: 1/25 [giant cockroach (2)]
   943 | D:2      | Reached XP level 3. HP: 31/31 MP: 6/6
   952 | D:2      | Learned a level 3 spell: Spider Form
  1022 | D:2      | Noticed Robin
  1022 | D:2      | Noticed Jessica
  1054 | D:2      | Killed Robin
  1087 | D:2      | Killed Jessica
  1088 | D:2      | Reached XP level 4. HP: 36/39 MP: 0/7
  2111 | D:2      | Found an iron altar of Okawaru.
  2305 | D:3      | Found a broken altar of Ashenzari.
  2320 | D:3      | Reached XP level 5. HP: 36/45 MP: 8/8
  2523 | D:3      | Found an ornate altar of the Wu Jian Council.
  2548 | D:3      | Reached skill level 1 in Poison Magic
  2629 | D:3      | Noticed Sigmund
  2865 | D:3      | Reached skill level 4 in Unarmed Combat
  2921 | D:3      | Reached XP level 6. HP: 38/52 MP: 4/9
  3153 | D:3      | Killed from afar by a goblin

Illustrated notes

Levels and vault maps discovered:
D:1:      ebering_trefoil_twist, layout_basic
D:2:      layout_loops_corners, okawaru_ov_weapons_minmay, uniq_jessica,
          uniq_robin
D:3:      layout_basic, nzn_wu_jian_contemplation, lemuel_crystal_altar,
          uniq_sigmund

Skill      XL: |  1  2  3  4  5  6 |
---------------+-------------------+-----
Transmutations | 3 |  3.6
Dodging        | 2 |  2.3
Poison Magic   | 1 2 |  2.0
Fighting       | 2 |  2.1
Unarmed Combat | 4 |  4.2
Spellcasting   | |  2.7

Action                   |  1- 3 |  4- 6 || total
-------------------------+-------+-------++-------
Melee: Unarmed           |    54 |   102 ||   156
       Headbutt          |     4 |     1 ||     5
 Cast: Beastly Appendage |    13 |    12 ||    25
       Spider Form       |     2 |     7 ||     9
 Abil: Spit Poison       |    20 |    21 ||    41
  Use: Scroll            |     2 |       ||     2
       Potion            |     3 |     1 ||     4
Armor: Robe              |     9 |     6 ||    15
       Skin              |     1 |     5 ||     6
Dodge: Dodged            |    39 |    79 ||   118

Table legend: (Time is in decaauts)
 A = Elapsed time spent in this place.
 B = Non-inter-level travel time spent in this place.
 C = Inter-level travel time spent in this place.
 D = Time resting spent in this place.
 E = Time spent auto-exploring this place.
 F = Levels seen in this place.
 G = Mean time per level.
                   A        B        C        D        E       F      G
               +--------+--------+--------+--------+--------+-----+--------+
         Total |   3722 |   3648 |     74 |     95 |   3072 |   3 | 1240.7 |
       Dungeon |   3722 |   3648 |     74 |     95 |   3072 |   3 | 1240.7 |
               +--------+--------+--------+--------+--------+-----+--------+

Top non-repeatable levels by time:
     D:2: 1724 daAuts
     D:1: 1036 daAuts
     D:3: 962 daAuts
